[Event "Team 45 45 League T28"]
[Site "Internet Chess Club"]
[Date "2005.10.20"]
[Round "5"]
[White "Blunderov"]
[Black "alastorx"]
[Result "1-0"]
[WhiteElo "1937"]
[BlackElo "1802"]
[TimeControl "2700+45"]

1. d4 e6 2. Nf3 d5 3. g3 c5 4. Bg2 Nc6 5. O-O Nf6 6. c3 Bd7 7. Bg5 h6 8. Bxf6
Qxf6 9. e3 Bd6 10. dxc5 Bxc5 11. Nbd2 Bb6 12. Re1 O-O 13. e4 dxe4 14. Nxe4 Qe7
15. Qd6 Rfd8 16. Rad1 Qf8 17. Qxf8+ Kxf8 18. Nd6 Rab8 19. Nc4 Bc7 20. Nfe5 Nxe5
21. Nxe5 Bxe5 22. Rxe5 Bc6 23. Rxd8+ Rxd8 24. Bxc6 Rd1+ 25. Kg2 bxc6 26. Rc5 Rd6
27. b4 Ke8 28. Ra5 Rd7 29. Ra6 Rc7 30. c4 Kd7 31. Kf3 Ke7 32. Ke4 f6 33. g4 g6
34. h4 Kf7 35. Kd4 Rd7+ 36. Kc5 Rd2 37. Rxa7+ Ke8 38. Kxc6 Rxf2 39. b5 {Black
resigns} 1-0

[Event "Team 45 45 League T28"]
[Site "Internet Chess Club"]
[Date "2005.10.18"]
[Round "5"]
[White "Egmont"]
[Black "DocHoliday"]
[Result "1-0"]
[WhiteElo "1797"]
[BlackElo "1753"]
[TimeControl "2700+45"]

1. e4 c5 2. Nf3 d6 3. d4 cxd4 4. Nxd4 Nf6 5. Nc3 a6 6. Be2 e6 7. O-O b5 8. f3
Bb7 9. Re1 Qc7 10. Kh1 Nbd7 11. Bf1 Be7 12. Nce2 Rc8 13. c3 d5 14. exd5 Nxd5 15.
Ng3 O-O 16. Bd3 Bd6 17. Nf1 g6 18. Bh6 Rfe8 19. Re4 Nf4 20. Re1 Nc5 21. Bxb5
axb5 22. Nxb5 Qc6 23. Nxd6 Ncd3 24. Ne4 Qb6 25. Bxf4 Bxe4 26. Bg3 Nxe1 27. fxe4
Nxg2 28. Kxg2 Qxb2+ 29. Kg1 Qxc3 30. Qe1 Qb2 31. Ne3 Red8 32. Bf4 Rd2 33. Nc4
Rg2+ 34. Kh1 Rxc4 35. Rb1 Re2 36. Qd1 Rd4 37. Qg1 Qc2 38. Rb8+ {Black resigns}
1-0

[Event "Team 45 45 League T28"]
[Site "Internet Chess Club"]
[Date "2005.10.14"]
[Round "5"]
[White "Chessnut"]
[Black "martineden"]
[Result "1-0"]
[WhiteElo "1880"]
[BlackElo "1651"]
[TimeControl "2700+45"]

1. e4 e5 2. Nf3 Nc6 3. Bb5 a6 4. Ba4 Nf6 5. O-O d6 6. c3 Bd7 7. Re1 g6 8. h3 Bg7
9. d4 Qe7 10. dxe5 Nxe5 11. Bxd7+ Nfxd7 12. Nxe5 Nxe5 13. Nd2 Nd3 14. Re3 Nxc1
15. Qxc1 O-O-O 16. Qc2 Rhf8 17. Rae1 Qd7 18. Nf3 f6 19. c4 g5 20. Nd4 h5 21. Nf5
Bh8 22. b4 Qc6 23. Ne7+ {Black resigns} 1-0

[Event "Team 45 45 League T28"]
[Site "Internet Chess Club"]
[Date "2005.10.17"]
[Round "5"]
[White "NFK"]
[Black "RingLord"]
[Result "0-1"]
[WhiteElo "1688"]
[BlackElo "1627"]
[TimeControl "2700+45"]

1. e4 c5 2. Nc3 e6 3. f4 d6 4. Nf3 a6 5. d3 g6 6. Be2 Ne7 7. O-O Bg7 8. Qe1 Nbc6
9. a3 Nd4 10. Nxd4 Bxd4+ 11. Kh1 b5 12. Nd1 Bb7 13. Nf2 Rc8 14. Ng4 O-O 15. e5
c4 16. Nf6+ Kg7 17. Qh4 Rh8 18. c3 Nf5 19. Qh3 dxe5 20. Nh5+ gxh5 21. cxd4 exd4
22. Qxh5 Qh4 23. Qg4+ Qxg4 24. Bxg4 Nh4 25. Rf2 cxd3 26. Kg1 Rc2 27. g3 Rxf2 28.
Kxf2 Ng2 29. Bf3 Bxf3 30. Kxf3 Ne1+ 31. Ke4 Rd8 32. Bd2 f5+ {White resigns} 0-1

[Event "Team 45 45 League T28"]
[Site "Internet Chess Club"]
[Date "2005.10.16"]
[Round "5"]
[White "nminwalla"]
[Black "forketta"]
[Result "1-0"]
[WhiteElo "2010"]
[BlackElo "1885"]
[TimeControl "2700+45"]

1. e4 c5 2. Nf3 d6 3. d4 cxd4 4. Nxd4 Nf6 5. Nc3 a6 6. Bc4 e6 7. Bb3 b5 8. O-O
Be7 9. Qf3 Qc7 10. Qg3 O-O 11. Bh6 Ne8 12. Rad1 Bd7 13. Nf3 Nc6 14. Bf4 Qb7 15.
Rfe1 b4 16. Ne2 e5 17. Bg5 Be6 18. Bxe6 fxe6 19. Qg4 Nd8 20. Bxe7 Qxe7 21. c3
bxc3 22. Nxc3 Nf6 23. Qh4 Nf7 24. Ng5 Nxg5 25. Qxg5 Rab8 26. Rd2 Rb4 27. f3 Rfb8
28. b3 Qc7 29. Qe3 Re8 30. Rc1 Qe7 31. Rcd1 Rd8 32. Na4 d5 33. Nb2 d4 34. Qg5
Qc7 35. Nd3 Rb5 36. Rc1 Qd6 37. Rdc2 Ne8 38. Rc6 Qd7 39. Rxa6 h6 40. Qg6 Nf6 41.
Rac6 Rb7 42. Nxe5 Qe7 43. Nd3 e5 44. Qf5 Re8 45. R1c5 Ra7 46. Rxe5 Qf7 47. Rxe8+
Qxe8 48. Rc8 {Black resigns} 1-0

[Event "Team 45 45 League T28"]
[Site "Internet Chess Club"]
[Date "2005.10.16"]
[Round "5"]
[White "crapalot"]
[Black "kabindra"]
[Result "1/2-1/2"]
[WhiteElo "1881"]
[BlackElo "1769"]
[TimeControl "2700+45"]

1. d4 Nf6 2. Nf3 d5 3. c3 Nc6 4. Bg5 h6 5. Bxf6 exf6 6. e3 Bf5 7. Bd3 Qd7 8.
Bxf5 Qxf5 9. O-O Bd6 10. Nbd2 g5 11. b4 h5 12. e4 dxe4 13. Nxe4 O-O-O 14. Re1
Bf8 15. a4 Ne5 16. Nxe5 fxe5 17. Ng3 Qg6 18. Rxe5 Bd6 19. Nf5 Kb8 20. Nxd6 cxd6
21. Re3 f5 22. c4 f4 23. Re1 g4 24. Qd2 f3 25. g3 h4 26. Rf1 hxg3 27. fxg3 Qf7
28. d5 Rhe8 29. Qf4 Qxf4 30. gxf4 Re4 31. Rac1 Rxf4 32. b5 Rc8 33. a5 Rfxc4 34.
Rxc4 Rxc4 35. h3 Rd4 36. hxg4 Rxg4+ 37. Kf2 Rb4 38. b6 axb6 39. axb6 Rxb6 40.
Kxf3 Rb5 41. Ke4 Rb4+ 42. Kf5 Kc7 43. Re1 Kd7 44. Rg1 Kc7 45. Rg7+ Kb6 46. Ke6
Kc5 47. Rc7+ Kd4 48. Kxd6 Rb5 49. Ke6 {Game drawn by mutual agreement} 1/2-1/2

[Event "Team 45 45 League T28"]
[Site "Internet Chess Club"]
[Date "2005.10.14"]
[Round "5"]
[White "Mikey29a"]
[Black "Gardener"]
[Result "1-0"]
[WhiteElo "1632"]
[BlackElo "1608"]
[TimeControl "2700+45"]

1. e4 e6 2. d4 d5 3. exd5 exd5 4. Bd3 Nf6 5. Ne2 Bd6 6. Bf4 O-O 7. O-O Bg4 8. f3
Bh5 9. c3 Re8 10. Bxd6 Qxd6 11. Ng3 Nbd7 12. Nd2 Re7 13. Nf5 Qe6 14. Nxe7+ Qxe7
15. Re1 Qd6 16. Nb3 g5 17. Bf5 g4 18. fxg4 Bg6 19. Bxg6 hxg6 20. Qf3 Ne4 21. Rf1
f6 22. Qf4 Qb6 23. Nd2 g5 24. Qe3 Re8 25. Nxe4 Rxe4 26. Qd2 {Black resigns} 1-0

[Event "Team 45 45 League T28"]
[Site "Internet Chess Club"]
[Date "2005.10.17"]
[Round "5"]
[White "fledermaus"]
[Black "andy4226uk"]
[Result "1/2-1/2"]
[WhiteElo "2018"]
[BlackElo "1795"]
[TimeControl "2700+45"]

1. Nf3 c5 2. c4 g6 3. Nc3 Bg7 4. g3 e6 5. d4 cxd4 6. Nxd4 a6 7. Nc2 d6 8. Bg2
Ne7 9. e4 Nbc6 10. O-O O-O 11. Be3 Rb8 12. Qd2 Qc7 13. Rac1 Rd8 14. Rfd1 Ne5 15.
b3 b6 16. Nd4 Bb7 17. Qe2 N5c6 18. Rd2 Nxd4 19. Bxd4 Nc6 20. Bxg7 Kxg7 {Game
drawn by mutual agreement} 1/2-1/2

[Event "Team 45 45 League T28"]
[Site "Internet Chess Club"]
[Date "2005.10.15"]
[Round "5"]
[White "garethn"]
[Black "viking99"]
[Result "1/2-1/2"]
[WhiteElo "1740"]
[BlackElo "1868"]
[TimeControl "2700+45"]

1. e4 e6 2. d4 d5 3. Nc3 Nf6 4. e5 Nfd7 5. Nce2 c5 6. c3 Nc6 7. a3 a5 8. Nf3 Be7
9. Nf4 c4 10. Be2 a4 11. h4 b5 12. Nh5 O-O 13. Ng5 g6 14. Qc2 h6 15. Nf4 Bxg5
16. hxg5 Qxg5 17. Nxe6 Qxg2 18. Rxh6 Ndxe5 19. Nf4 Qg1+ 20. Kd2 Qg5 21. Rh1
Qxf4+ 22. Ke1 Qf5 23. Qxf5 Bxf5 24. dxe5 Nxe5 25. Bh6 Rfe8 26. Kd2 Nd3 27. Bxd3
Bxd3 28. Be3 Ra6 29. Bd4 Re2+ 30. Kd1 f6 31. Re1 Rae6 32. Be3 Rxe1+ 33. Kxe1 g5
34. Kd2 Kg7 35. Rg1 Kf7 36. Rg4 Re4 37. Rg1 g4 38. Rg3 f5 39. f3 gxf3 40. Rxf3
Kg6 41. Rg3+ Rg4 42. Rxg4+ fxg4 43. Bf2 Kf5 44. Ke3 Ke5 45. Bg3+ Ke6 46. Kd4 Bg6
47. Ke3 Be8 48. Kd4 Bd7 49. Ke3 Kf5 50. Kd4 Be6 51. Ke3 Bf7 52. Kd4 Be6 53. Ke3
{Game drawn by mutual agreement} 1/2-1/2

[Event "Team 45 45 League T28"]
[Site "Internet Chess Club"]
[Date "2005.10.17"]
[Round "5"]
[White "Winclick"]
[Black "boozehound"]
[Result "1-0"]
[WhiteElo "1739"]
[BlackElo "1453"]
[TimeControl "2700+45"]

1. e4 d5 2. exd5 Qxd5 3. Nc3 Qa5 4. Nf3 Nf6 5. Be2 Bf5 6. O-O e6 7. d4 Nbd7 8.
a3 c6 9. Re1 Be7 10. h3 h6 11. Bf4 g5 12. b4 Qd8 13. Bg3 g4 14. Nh4 gxh3 15.
Nxf5 exf5 16. Bd3 hxg2 17. Bxf5 h5 18. Bd6 Ng8 19. Qf3 Ndf6 20. Ne4 Nxe4 21.
Bxe7 Nxe7 22. Rxe4 Qd5 23. Rae1 Kd8 24. Bh3 f5 25. R4e3 Qxf3 26. Rxf3 Rf8 27.
Re5 Kd7 28. Bxf5+ Nxf5 29. Rexf5 Rxf5 30. Rxf5 Rg8 31. Rxh5 Kd6 32. c4 a6 33.
Rh6+ Kc7 34. c5 Rg4 35. Rh7+ Kc8 36. Rh2 Rxd4 37. Rxg2 Rd3 38. Rg3 Rd5 39. Re3
Kc7 40. f3 a5 41. Kf2 a4 42. f4 Rd7 43. Kf3 b6 44. cxb6+ Kxb6 45. f5 Kb5 46. Kf4
c5 47. Re5 Kc4 48. bxc5 Rd3 49. c6 Kb3 50. Re3 {Black resigns} 1-0

[Event "Team 45 45 League T28"]
[Site "Internet Chess Club"]
[Date "2005.10.21"]
[Round "5"]
[White "wojozim"]
[Black "GoIrish"]
[Result "1-0"]
[WhiteElo "1532"]
[BlackElo "1567"]
[TimeControl "2700+45"]

1. e4 d6 2. d4 Nf6 3. Nc3 g6 4. f4 Bg7 5. Nf3 O-O 6. e5 dxe5 7. fxe5 Nd5 8. Bc4
Nb6 9. Bb3 Nc6 10. a3 Bg4 11. Be3 e6 12. Qd2 Na5 13. O-O Nxb3 14. cxb3 Nd5 15.
Bh6 Ne7 16. Bxg7 Kxg7 17. Qg5 Bxf3 18. Rxf3 Qxd4+ 19. Kh1 Nf5 20. g4 Nh6 21. Rh3
Nxg4 22. Rf1 Rh8 23. Rhf3 h6 24. Rxf7+ Kg8 25. Qxg6# {Black checkmated} 1-0

[Event "Team 45 45 League T28"]
[Site "Internet Chess Club"]
[Date "2005.10.15"]
[Round "5"]
[White "iwulu"]
[Black "Quoyle"]
[Result "0-1"]
[WhiteElo "2271"]
[BlackElo "2463"]
[TimeControl "2700+45"]

1. d4 Nf6 2. Nf3 e6 3. Bg5 h6 4. Bxf6 Qxf6 5. e4 d6 6. Nc3 Nd7 7. Qd2 a6 8. a4
c5 9. Be2 Qd8 10. O-O Be7 11. Rfe1 O-O 12. a5 cxd4 13. Nxd4 Nf6 14. Bf1 Bd7 15.
Na4 d5 16. Nb6 Nxe4 17. Rxe4 dxe4 18. Nxa8 Qxa8 19. Qf4 f5 20. Qc7 Qc8 21. Nxe6
Bf6 22. Bc4 Qxc7 23. Nxc7+ Kh7 24. Rd1 Bc8 25. c3 Rd8 26. Rxd8 Bxd8 27. Be6 Bxe6
28. Nxe6 Be7 29. Kf1 Kg6 30. Nf4+ Kf7 31. Ke2 Bd6 32. g3 g5 33. Nd5 Ke6 34. c4
Ke5 35. b3 Kd4 36. Ne3 Kc3 37. Nxf5 Bf8 38. c5 Bxc5 39. Nxh6 Kxb3 40. Nf7 Be7
41. Ke3 Ka4 42. Kxe4 Kxa5 43. f4 gxf4 44. gxf4 Kb4 45. Ne5 a5 46. Kd5 a4 {White
forfeits on time} 0-1

[Event "Team 45 45 League T28"]
[Site "Internet Chess Club"]
[Date "2005.10.16"]
[Round "5"]
[White "phoenix10q72"]
[Black "SkinnyPuppy"]
[Result "1-0"]
[WhiteElo "2365"]
[BlackElo "2175"]
[TimeControl "2700+45"]

1. e4 c6 2. d4 d5 3. e5 Bf5 4. Be3 Qb6 5. Qc1 e6 6. f4 Na6 7. c3 c5 8. Nf3 c4 9.
Nbd2 Qa5 10. Be2 b5 11. b4 cxb3 12. axb3 Qb6 13. c4 bxc4 14. bxc4 Nb4 15. c5 Qb7
16. Kf2 Nd3+ 17. Bxd3 Bxd3 18. Qa3 Qb5 19. Rhc1 Be7 20. Rc3 Bf5 21. Rb3 Qc6 22.
Qa6 Qxa6 23. Rxa6 Bd8 24. Rb7 Ne7 25. Raxa7 Rc8 26. h3 h5 27. Ng5 Bg6 28. Ndf3
Nc6 29. Ra6 O-O 30. g4 Re8 31. Kg3 Na5 32. Rd7 Nc4 33. Bf2 Rb8 34. Raa7 h4+ 35.
Nxh4 Bxg5 36. Nxg6 fxg6 37. Rxg7+ Kh8 38. fxg5 Nd2 39. Rh7+ Kg8 40. Rag7+ Kf8
41. Rf7+ Kg8 42. Rhg7+ Kh8 43. Rxg6 {Black resigns} 1-0

[Event "Team 45 45 League T28"]
[Site "Internet Chess Club"]
[Date "2005.10.15"]
[Round "5"]
[White "searchforbobby1"]
[Black "jorobo"]
[Result "1/2-1/2"]
[WhiteElo "2105"]
[BlackElo "2199"]
[TimeControl "2700+45"]

1. e4 d6 2. d4 Nf6 3. Nc3 g6 4. Bc4 Bg7 5. Qe2 Nc6 6. e5 Nxd4 7. exf6 Nxe2 8.
fxg7 Rg8 9. Ngxe2 Rxg7 10. Bh6 Rg8 11. O-O-O c6 12. Rhe1 Qa5 13. f4 d5 14. Nxd5
cxd5 15. Bxd5 Bf5 16. Nc3 O-O-O 17. Rxe7 Rd7 18. Rxd7 Bxd7 19. Bxf7 Rd8 20. Bg5
Rf8 21. Bb3 Bc6 22. g3 Qc5 23. Be6+ Kb8 24. Kb1 Bf3 25. Rf1 Qe3 26. Bc4 Rc8 27.
Bd3 Bg2 28. Rd1 Bf3 29. Rf1 Bg2 30. Rd1 a6 31. Bf6 Bf3 32. Be5+ Ka8 33. Rf1 Bg2
34. Rd1 Bf3 35. Rf1 Bg2 36. Rd1 Rd8 37. a4 Bf3 38. Rc1 Bg4 39. Bc4 Rd2 40. Nd5
Qc5 41. b4 Qf8 42. Bc3 Rd1 43. Rxd1 Bxd1 44. a5 Qf5 45. Nb6+ Ka7 46. Bd3 Qh3 47.
Bd4 Kb8 48. Be5+ Ka7 49. Bd4 Kb8 50. Be5+ Ka7 51. Bd4 {Game drawn by repetition}
1/2-1/2

[Event "Team 45 45 League T28"]
[Site "Internet Chess Club"]
[Date "2005.10.17"]
[Round "5"]
[White "Kingofknights"]
[Black "Gregorio"]
[Result "1/2-1/2"]
[WhiteElo "1733"]
[BlackElo "2103"]
[TimeControl "2700+45"]

1. d4 Nf6 2. c4 g6 3. Nc3 d5 4. cxd5 Nxd5 5. e4 Nxc3 6. bxc3 Bg7 7. Be3 c5 8.
Nf3 O-O 9. Be2 cxd4 10. cxd4 Qa5+ 11. Qd2 Qxd2+ 12. Nxd2 Nc6 13. Nf3 Nb4 14. O-O
Nc2 15. Rac1 Nxe3 16. fxe3 b6 17. Rc7 Bh6 18. Rxe7 Bxe3+ 19. Kh1 Be6 20. d5 Bg4
21. h3 Bc5 22. Rc7 Bd6 23. Rc6 Bxf3 24. Bxf3 Rfd8 25. Rfc1 Be5 26. g4 Rd7 27.
Kg2 Kg7 28. Be2 Rad8 29. R1c2 Kh6 30. h4 Re7 31. Kf3 Kg7 32. g5 h6 33. Rc8 Rxc8
34. Rxc8 hxg5 35. hxg5 Rc7 36. Rxc7 Bxc7 37. Bb5 Kf8 38. a4 Ke7 39. Bc6 Be5 40.
Bb5 f6 41. Kg4 Bd6 42. Bc6 Bb4 43. gxf6+ Kxf6 44. Bd7 Bd2 45. Bc6 Ke5 46. Be8 g5
47. Bc6 Bf4 48. Kf3 Kd4 49. Bb5 Kc5 50. Kg4 Bd2 51. Kf5 Kd6 52. Bc6 Bf4 53. e5+
Bxe5 54. Kxg5 a6 {Game drawn by mutual agreement} 1/2-1/2

[Event "Team 45 45 League T28"]
[Site "Internet Chess Club"]
[Date "2005.10.13"]
[Round "5"]
[White "Michael-player"]
[Black "MSStateBulldog"]
[Result "1/2-1/2"]
[WhiteElo "2340"]
[BlackElo "2369"]
[TimeControl "2700+45"]

1. e4 e5 2. Nf3 Nc6 3. Bb5 Nf6 4. Qe2 Bc5 5. d3 d6 6. c3 O-O 7. Be3 Bxe3 8. fxe3
Ne7 9. O-O Ng6 10. Nbd2 c6 11. Ba4 b5 12. Bb3 Qb6 13. Kh1 Be6 14. Bxe6 fxe6 15.
d4 exd4 16. exd4 e5 17. g3 Rae8 18. Qd3 d5 19. dxe5 Nxe5 20. Nxe5 Rxe5 21. exd5
Rxd5 22. Qe2 Re8 23. Qf2 Qxf2 24. Rxf2 Ng4 25. Rg2 Rf8 26. Rf1 Rxf1+ 27. Nxf1
Rd1 28. Kg1 Ne3 29. Rf2 Rb1 30. b3 Ra1 31. Rf3 Nxf1 32. Rxf1 Rxa2 33. b4 a5 34.
bxa5 Rxa5 35. Rf5 Ra2 36. Rc5 Rc2 37. Rxc6 b4 38. Rc8+ Kf7 39. Rc7+ Ke8 40. Rb7
bxc3 41. Rc7 Kd8 42. Rc4 Kd7 43. Kf1 Kd6 44. Ke1 Kd5 45. Rc7 Kd4 46. Rd7+ Ke3
47. Re7+ Kf3 48. Rf7+ Ke3 49. Re7+ Kd3 50. Rd7+ Kc4 51. Rc7+ Kb3 52. Rb7+ Ka2
53. Ra7+ Kb1 54. Rc7 h6 55. h3 g6 56. Rc6 h5 57. g4 h4 58. g5 Rc1+ 59. Ke2 Kc2
60. Rxg6 Rh1 61. Kf3 Rxh3+ 62. Kg4 Rh1 63. Ra6 Kd3 64. Rd6+ Kc4 65. Rc6+ Kd4 66.
g6 Rh2 67. Kh5 h3 68. Kh4 Rh1 69. Kg3 Kd3 70. Rd6+ Ke2 71. Re6+ Kd2 72. Rd6+ Kc1
73. Ra6 Kb2 74. Rb6+ Kc1 75. Ra6 Kd2 76. Rd6+ Ke3 77. Re6+ Kd4 78. Rc6 Kd3 79.
Rd6+ Ke4 80. Rc6 Kd4 81. Kg4 Kd3 {Game drawn by mutual agreement} 1/2-1/2

[Event "Team 45 45 League T28"]
[Site "Internet Chess Club"]
[Date "2005.10.15"]
[Round "5"]
[White "onslaught"]
[Black "NFork"]
[Result "1-0"]
[WhiteElo "2230"]
[BlackElo "2201"]
[TimeControl "2700+45"]

1. e4 d5 2. exd5 Nf6 3. d4 Bg4 4. Nf3 Qxd5 5. Be2 Nc6 6. h3 Bxf3 7. Bxf3 Qd7 8.
O-O O-O-O 9. c3 e5 10. Qb3 exd4 11. cxd4 Nd5 12. Nc3 Ndb4 13. Be3 Nxd4 14. Bxd4
Qxd4 15. Rfd1 Qf6 16. Rxd8+ Qxd8 17. a3 Nc6 18. Nb5 a6 19. Na7+ Nxa7 20. Bxb7+
Kd7 21. Qxf7+ Qe7 22. Rd1# {Black checkmated} 1-0

[Event "Team 45 45 League T28"]
[Site "Internet Chess Club"]
[Date "2005.10.18"]
[Round "5"]
[White "DTK"]
[Black "ScoutKnight"]
[Result "1-0"]
[WhiteElo "2050"]
[BlackElo "2063"]
[TimeControl "2700+45"]

1. e4 e5 2. Nf3 Nc6 3. Bb5 a6 4. Ba4 Nf6 5. O-O Be7 6. Re1 b5 7. Bb3 O-O 8. c3
d6 9. h3 Na5 10. Bc2 c5 11. d4 Qc7 12. d5 c4 13. b4 cxb3 14. axb3 Bd7 15. Ba3
Bc8 16. Nxe5 Nxb3 17. Bxb3 dxe5 18. d6 {Black resigns} 1-0

[Event "Team 45 45 League T28"]
[Site "Internet Chess Club"]
[Date "2005.10.16"]
[Round "5"]
[White "VentasD"]
[Black "quangliem"]
[Result "1/2-1/2"]
[WhiteElo "2136"]
[BlackElo "2324"]
[TimeControl "2700+45"]

1. e4 c5 2. Nf3 d6 3. d4 cxd4 4. Nxd4 Nf6 5. Nc3 a6 6. Be3 e5 7. Nb3 Be7 8. f3
Be6 9. Qd2 O-O 10. O-O-O Nbd7 11. g4 Rc8 12. h4 b5 13. h5 b4 14. Nd5 Bxd5 15.
exd5 Nb6 16. Bxb6 Qxb6 17. g5 Nd7 18. Bh3 Qc7 19. Kb1 a5 20. Bxd7 Qxd7 21. Nxa5
Qf5 22. Rhg1 Qxf3 23. Nc6 Rfe8 24. g6 Qxh5 25. gxf7+ Qxf7 26. Rdf1 Bf6 27. Qf2
Kh8 28. Nxb4 e4 29. Qf4 Qb7 30. a3 Be5 31. Qh4 Rc4 32. c3 Rcc8 33. Rh1 h6 34.
Rh3 Qb5 35. Re1 Qd7 36. Rxe4 Bf6 37. Rxe8+ Rxe8 38. Qg3 Qf5+ 39. Qd3 Qf2 40. Rf3
Qg1+ 41. Ka2 h5 42. Qf5 Re5 43. Qc8+ Kh7 44. Qd7 Qg5 45. Qxd6 Be7 46. Qc6 Bxb4
{Game drawn by mutual agreement} 1/2-1/2

[Event "Team 45 45 League T28"]
[Site "Internet Chess Club"]
[Date "2005.10.16"]
[Round "5"]
[White "MrPetrov"]
[Black "trevor21"]
[Result "0-1"]
[WhiteElo "2219"]
[BlackElo "2037"]
[TimeControl "2700+45"]

1. e4 e6 2. d4 d5 3. Nc3 Bb4 4. e5 c5 5. a3 Bxc3+ 6. bxc3 Ne7 7. h4 O-O 8. h5 h6
9. Qg4 Kh8 10. Nf3 Nbc6 11. Bd3 c4 12. Be2 Qa5 13. Bd2 f6 14. Nh4 fxe5 15. Ng6+
Nxg6 16. hxg6 Kg8 17. Rh3 e4 18. Qh5 Rf5 19. Qh4 Qd8 20. Qg3 e5 21. Bxh6 gxh6
22. Rxh6 Qf6 23. Rb1 b6 24. Rb5 Ne7 25. Rh7 Rg5 26. Qh2 Ba6 27. g7 Bxb5 28. Rh8+
Kf7 29. Rxa8 Qxg7 30. Bh5+ Ke6 31. Rxa7 exd4 32. Qh3+ Kd6 33. Qh4 d3 34. Kd2
dxc2 35. Kxc2 e3 36. Bf3 Re5 37. Qf4 exf2 38. Be2 Qf7 39. Qxf7 Rxe2+ 40. Kd1
Re1+ 41. Kd2 f1=Q 42. Rxe7 Rd1+ 43. Kc2 Qd3+ 44. Kb2 Qb1# {White checkmated} 0-1

[Event "Team 45 45 League T28"]
[Site "Internet Chess Club"]
[Date "2005.10.15"]
[Round "5"]
[White "Kolibri"]
[Black "achessman"]
[Result "1-0"]
[WhiteElo "2116"]
[BlackElo "2123"]
[TimeControl "2700+45"]

1. e4 e5 2. Nf3 Nf6 3. d4 exd4 4. Qxd4 Nc6 5. Qa4 Qe7 6. Nc3 Qb4 7. Bd3 Be7 8.
O-O Qxa4 9. Nxa4 O-O 10. Bf4 d6 11. Nc3 Re8 12. Rfe1 Bg4 13. Nd2 Ne5 14. Be2
Bxe2 15. Rxe2 Nh5 16. Bxe5 dxe5 17. Nd5 Bd8 18. g3 c6 19. Ne3 Nf6 20. f3 Bb6 21.
Nc4 Bc5 22. Na5 Red8 23. Kf1 Bxe3 24. Rxe3 Kf8 25. Nxb7 Rdb8 26. Rb3 Ke7 27. Rd1
Nd7 28. Na5 Rxb3 {Black resigns} 1-0

[Event "Team 45 45 League T28"]
[Site "Internet Chess Club"]
[Date "2005.10.14"]
[Round "5"]
[White "Nomad"]
[Black "Amauta"]
[Result "1-0"]
[WhiteElo "1967"]
[BlackElo "1951"]
[TimeControl "2700+45"]

1. e4 c5 2. c3 e5 3. Bc4 Nc6 4. d3 h6 5. Ne2 Qh4 6. O-O Bd6 7. f4 Nf6 8. f5 Ng4
9. h3 h5 10. Nd2 Nh6 11. Nf3 Qe7 12. Bg5 f6 13. Be3 b6 14. Nh4 Rh7 15. Ng3 Bb7
16. Ng6 Qd8 17. Nxh5 Nf7 18. Bxf7+ Kxf7 19. Qb3+ {Black resigns} 1-0

[Event "Team 45 45 League T28"]
[Site "Internet Chess Club"]
[Date "2005.10.14"]
[Round "5"]
[White "Chessnut"]
[Black "mickeys"]
[Result "1/2-1/2"]
[WhiteElo "1873"]
[BlackElo "1720"]
[TimeControl "2700+45"]

1. e4 c5 2. Nf3 Nc6 3. d4 cxd4 4. Nxd4 g6 5. Nc3 Bg7 6. Be3 Nf6 7. f3 d5 8. Nxc6
bxc6 9. exd5 cxd5 10. Qd2 O-O 11. O-O-O e6 12. g4 a5 13. h4 h5 14. Be2 Ba6 15.
Bd4 Bxe2 16. Qxe2 a4 17. gxh5 Nxh5 18. Bxg7 Kxg7 19. Qe5+ Qf6 20. Qxf6+ Kxf6 21.
Ne2 Rfc8 22. Rd4 Ra5 23. Rhd1 Rac5 24. c3 Rc4 25. Rxc4 Rxc4 26. Rd4 Rxd4 27.
Nxd4 Nf4 28. b3 axb3 29. axb3 e5 30. Nc6 Ke6 31. b4 Kd6 32. Nd8 f6 33. Nf7+ Kc6
34. Nh8 Kb5 35. Kc2 g5 36. hxg5 fxg5 37. Nf7 e4 38. fxe4 dxe4 39. Nxg5 e3 40.
Nf3 Kc4 41. Ne5+ Kd5 42. Nd3 Ne6 43. Ne1 Kc4 44. Nd3 Ng5 45. Ne5+ Kd5 46. Ng4 e2
47. Ne3+ Ke4 48. Ng2 Nf3 49. b5 Kd5 50. c4+ Kxc4 51. b6 Nd4+ 52. Kd2 Nc6 53. b7
Kb5 {Game drawn by mutual agreement} 1/2-1/2

[Event "Team 45 45 League T28"]
[Site "Internet Chess Club"]
[Date "2005.10.16"]
[Round "5"]
[White "batttoman"]
[Black "MrShaw"]
[Result "0-1"]
[WhiteElo "1508"]
[BlackElo "1709"]
[TimeControl "2700+45"]

1. c4 Nf6 2. Nc3 g6 3. g3 Bg7 4. Bg2 O-O 5. d3 c6 6. e4 d6 7. Nge2 Nh5 8. Be3 f5
9. Qd2 Nf6 10. f3 fxe4 11. dxe4 Nbd7 12. f4 Ng4 13. O-O-O Nxe3 14. Qxe3 Qa5 15.
Nd4 Nc5 16. Rd2 Bd7 17. Kb1 Na4 18. e5 Nxc3+ 19. Qxc3 Qxc3 20. bxc3 dxe5 21.
fxe5 Bxe5 22. Re1 Bd6 23. Ne6 Rf6 24. Rde2 Bxe6 25. Rxe6 Raf8 26. Rxf6 Rxf6 27.
Re2 Kg7 28. Bh3 Rf3 29. Kc2 h5 30. Bc8 b6 31. Bb7 h4 32. Bxc6 Rf5 33. g4 Rf4 34.
h3 Rxc4 35. Bd5 Rf4 36. c4 e5 37. a4 Kf6 38. Kc3 Rf1 39. Kd3 Ra1 40. Rf2+ Kg5
41. Bc6 Ra3+ 42. Ke2 Rxh3 43. Bg2 Ra3 44. Bc6 Ra2+ {White resigns} 0-1     
**ANNOUNCEMENT** from ROBOadmin: "help event2" for a list of all the upcoming
events on the Internet Chess Club!

[Event "Team 45 45 League T28"]
[Site "Internet Chess Club"]
[Date "2005.10.16"]
[Round "5"]
[White "jacknor"]
[Black "mal57"]
[Result "1-0"]
[WhiteElo "1623"]
[BlackElo "1496"]
[TimeControl "2700+45"]

1. Nf3 b6 2. g3 Bb7 3. Bg2 Nc6 4. c4 Rb8 5. Nc3 e6 6. b3 Nf6 7. Bb2 Be7 8. O-O
e5 9. Nd5 Nxd5 10. cxd5 Nb4 11. d3 Bf6 12. Bxe5 Bxd5 13. Qd2 Nc6 14. Bxf6 Qxf6
15. Qg5 Qxg5 16. Nxg5 Bxg2 17. Kxg2 O-O 18. Rac1 Rb7 19. Rc4 Ne5 20. Rc2 h6 21.
Nf3 Nc6 22. Rfc1 Rc8 23. a3 d6 24. e3 Ne5 25. d4 Nd7 26. b4 c5 27. dxc5 dxc5 28.
bxc5 Nxc5 29. Nd4 Re8 30. Rc4 Nd3 31. Rc7 Nxc1 32. Rxb7 Ra8 33. Nb5 Nb3 34. Rxa7
Rxa7 35. Nxa7 Kf8 36. Kf3 Ke7 37. Ke4 Kd6 38. Kd3 Nc5+ 39. Kd4 Nb3+ 40. Kc3 Nc5
41. Nb5+ Kc6 42. Nd4+ Kd5 43. Kb4 Kd6 44. Kb5 Kc7 45. Nf5 Ne6 46. Ne7 Kb7 47.
Nd5 Nc7+ 48. Nxc7 Kxc7 49. h4 g6 50. e4 Kb7 51. g4 g5 52. hxg5 hxg5 53. e5 Kc7
54. Kc4 Kc6 55. a4 Kb7 56. Kd5 Kc7 57. Kc4 Kc6 58. f3 Kd7 59. Kd5 Kc7 60. Ke4
Kc6 61. Kf5 Kd5 62. Kf6 {Black resigns} 1-0

[Event "Team 45 45 League T28"]
[Site "Internet Chess Club"]
[Date "2005.10.15"]
[Round "5"]
[White "BosqueVerde"]
[Black "EyeAm"]
[Result "1/2-1/2"]
[WhiteElo "1287"]
[BlackElo "1378"]
[TimeControl "2700+45"]

1. d4 f5 2. c4 Nf6 3. Nc3 g6 4. Bg5 Bg7 5. Nf3 d6 6. Qc2 O-O 7. e4 fxe4 8. Nxe4
Bf5 9. Bd3 Qd7 10. O-O e6 11. d5 e5 12. Bxf6 Bxf6 13. Nxf6+ Rxf6 14. Nh4 Bxd3
15. Qxd3 Qg4 16. g3 Nd7 17. f3 Qg5 18. Rae1 Nc5 19. Qc2 Raf8 20. b4 Nd7 21. Re4
Qh6 22. Qa4 g5 23. Rg4 Kh8 24. Qxd7 gxh4 25. Rxh4 Qe3+ 26. Kh1 R6f7 27. Qh3 Rg8
28. f4 Qe4+ 29. Kg1 Qe3+ {Game drawn by mutual agreement} 1/2-1/2

[Event "Team 45 45 League T28"]
[Site "Internet Chess Club"]
[Date "2005.10.14"]
[Round "5"]
[White "GhostMate"]
[Black "chivo"]
[Result "1-0"]
[WhiteElo "1658"]
[BlackElo "1624"]
[TimeControl "2700+45"]

1. e4 c5 2. Nf3 d6 3. d4 cxd4 4. Nxd4 Nc6 5. Nc3 a6 6. Be2 h6 7. Be3 Nf6 8. Nxc6
bxc6 9. e5 dxe5 10. Qxd8+ Kxd8 11. Bb6+ Ke8 12. O-O-O Bg4 13. f3 Bd7 14. Bc7 e4
15. Nxe4 Nxe4 16. fxe4 Rc8 17. Ba5 Ra8 18. Rhf1 e6 19. Rd2 Be7 20. Rd3 c5 21.
Rdf3 Rf8 22. Bc3 f6 23. R3f2 Bb5 24. Bh5+ Kd7 25. Rd1+ Kc8 26. Bg4 Bd7 27. Rfd2
Ra7 28. Kb1 a5 29. Rxd7 Rxd7 30. Bxe6 Rd8 31. Bxa5 {Black resigns} 1-0